 Dungeon Crawl Stone Soup version 0.26.1-11-gd32895ea62 (webtiles) character file.

Game seed: 10024112587033856197

1890 Renzlar the Shield-Bearer (level 9, 64/73 HPs)
             Began as a Gnoll Fighter on May 30, 2021.
             Was a Believer of Okawaru.
             Quit the game on level 6 of the Dungeon on May 31, 2021.
             The game lasted 00:20:34 (6473 turns).

Renzlar the Shield-Bearer (Gnoll Fighter)           Turns: 6473, Time: 00:20:35

Health: 64/73      AC: 14    Str: 21    XL:     9   Next: 15%
Magic:  14/14      EV:  8    Int: 12    God:    Okawaru [**....]
Gold:   375        SH: 17    Dex: 14    Spells: 12/15 levels left

rFire    . . .     SeeInvis .   o - +2 short sword (protect)
rCold    . . .     Faith    .   p - +1 kite shield
rNeg     . . .     Spirit   .   t - +0 chain mail
rPois    .         Reflect  +   k - +0 helmet
rElec    .         Harm     .   A - +0 cloak
rCorr    .         Rampage  .   (no gloves)
Will     .....                  l - +0 pair of boots
Stlth    +.........             x - amulet of reflection
HPRegen  0.22/turn              m - ring of flight
MPRegen  0.14/turn              C - ring of stealth

@: no status effects
A: distributed training, fangs 1, strong nose
a: Renounce Religion, Evoke Flight, Heroism


You were on level 6 of the Dungeon.
You worshipped Okawaru.
Okawaru was pleased with you.
You visited 2 branches of the dungeon, and saw 8 of its levels.

You collected 375 gold pieces.

Inventory:

Hand Weapons
 a - a +1 war axe
 c - a +0 fustibalus
 o - a +2 short sword of protection (weapon)
Missiles
 f - 153 stones
 j - 92 sling bullets
 r - 8 curare-tipped darts (quivered)
Armour
 b - a +0 scale mail
 k - a +0 helmet (worn)
 l - a +0 pair of boots (worn)
 p - a +1 kite shield (worn)
 t - a +0 chain mail (worn)
 A - a +0 cloak (worn)
Jewellery
 m - a ring of flight (left hand)
 x - an amulet of reflection (around neck)
 C - a ring of stealth (right hand)
Wands
 w - a wand of polymorph (3)
 D - a wand of acid (6)
Scrolls
 h - 2 scrolls of identify
 q - 5 scrolls of teleportation
 y - 2 scrolls of amnesia
Potions
 d - a potion of might
 e - 3 potions of curing {unknown}
 g - 4 potions of heal wounds
 s - a potion of resistance {unknown}
 u - 2 potions of berserk rage {unknown}
 B - 2 potions of haste


   Skills:
 + Level 7.7 Fighting
 + Level 3.9 Short Blades
 + Level 3.9 Long Blades
 + Level 6.1 Axes
 + Level 3.9 Maces & Flails
 + Level 3.9 Polearms
 + Level 3.9 Staves
 + Level 3.9 Slings
 + Level 3.9 Bows
 + Level 3.9 Crossbows
 + Level 3.9 Throwing
 + Level 7.7 Armour
 + Level 3.9 Dodging
 + Level 3.9 Stealth
 + Level 7.7 Shields
 + Level 3.9 Unarmed Combat
 + Level 3.9 Spellcasting
 + Level 3.2 Conjurations
 + Level 3.2 Hexes
 + Level 3.2 Summonings
 + Level 3.2 Necromancy
 + Level 3.2 Translocations
 + Level 3.2 Transmutations
 + Level 3.2 Fire Magic
 + Level 3.2 Ice Magic
 + Level 3.2 Air Magic
 + Level 3.2 Earth Magic
 + Level 3.2 Poison Magic
 + Level 4.3 Invocations
 + Level 3.9 Evocations


You had 12 spell levels left.
You knew the following spells:

 Your Spells              Type           Power        Failure   Level
a - Frozen Ramparts       Ice            20%          97%         3

Your spell library contained the following spells:

 Spells                   Type           Power        Failure   Level
 Freeze                   Ice            40%          73%         1
 Confusing Touch          Hex            10%          97%         3
 Gell's Gravitas          Tloc           5%           97%         3
 Ozocubu's Armour         Ice            10%          97%         3
 Hailstorm                Conj/Ice       10%          100%        4
 Petrify                  Tmut/Erth      10%          100%        4
 Summon Ice Beast         Ice/Summ       10%          100%        4
 Metabolic Englaciation   Hex/Ice        5%           100%        5
 Yara's Violent Unravell  Hex/Tmut       5%           100%        5


Dungeon Overview and Level Annotations

Branches:
Dungeon (7/15)             Temple (1/1) D:5

Altars:
Elyvilon
Fedhas
Gozag
Makhleb
Okawaru
Qazlal
Trog
Wu Jian
The Shining One

Shops:
D:4 *   D:6 *

Annotations:
D:3 1 runed translucent door


Innate Abilities, Weirdness & Mutations

Your experience applies equally to all skills.
You have very sharp teeth.
Your uncanny sense of smell can sniff out nearby items.


Message History

[Y]es or [N]o only, please.
Really abort (and waste the scroll)?
Okay, then.
As you read the scroll labelled FESUMUD CURYK, it crumbles to dust.
The air around you briefly surges with heat, but it dissipates.
It was a scroll of immolation.
Drop what? 30/52 slots (_ for help) (? for menu, Esc to quit)
You drop a scroll of immolation.
As you read the scroll labelled FUFOOF KAS PUJ, it crumbles to dust.
It is a scroll of enchant armour.
Your +0 kite shield glows green for a moment.
As you read the scroll labelled WIC UMITUURGH, it crumbles to dust.
It is a scroll of enchant weapon.
Your +0 war axe glows red for a moment.
As you read the scroll labelled OZIALE USIFU, it crumbles to dust.
You smell meat roasting over an open fire.
It was a scroll of random uselessness.
Your +2 short sword of protection hums with potential!
o - a +2 short sword of protection (weapon)
Are you sure you want to abandon this character and quit the game? (Confirm with "yes".)

##.###.##.###.#.........#
#.# .#.#...##.#
#..)........###.#
.#.#.####.#
#....##'#.......#
.#.#......#
#.....#.#.#######
.#......### #.....#.#.#
######### ####....#
#.....#.#.# #...../..
........# ###..##.#.#
#.####### ####....#
#...>.....###.#....<#
........#
#...@......##†#.#####
###.....#
#..........##.#......
#.....#
#..........##.#######
#.....# #..........##.# #
#.....# #....[....###.# #
###.#####
#.........###.##### #
....# #########.#.......#
# ##..# #.#.....#.# #
##..### #.#######.# #


There were no monsters in sight!

Vanquished Creatures
  Pikel (D:5)
  A troll (D:6)
  2 sky beasts (D:5)
  An ice beast (D:5)
  A black bear (D:6)
  A phantom (D:4)
  2 ogres
  3 lemures (D:5)
  A bullfrog (D:6)
  2 scorpions
  Crazy Yiuf (D:5)
  4 hounds
  An orc wizard (D:6)
  An iguana (D:6)
  A worker ant (D:4)
  A killer bee zombie (D:6)
  2 hound skeletons (D:4)
  6 adders
  A shadow imp (D:6)
  A white imp (D:6)
  2 oozes
  An adder zombie (D:6)
  2 dart slugs
  4 leopard geckos
  7 orcs
  3 giant cockroaches
  12 goblins
  12 hobgoblins
  7 jackals
  4 kobolds
  2 quokkas
  3 ball pythons
  4 bats
  12 frilled lizards
  A jackal zombie (D:5)
  A leopard gecko skeleton (D:5)
  6 rats
117 creatures vanquished.

Vanquished Creatures (others)
  3 plants
3 creatures vanquished.

Grand Total: 120 creatures vanquished

Notes
Turn   | Place    | Note
-------+----------+-------------------------------------------
     0 | D:1      | Renzlar the Gnoll Fighter began the quest for the Orb.
     0 | D:1      | Reached XP level 1. HP: 23/23 MP: 1/1
   273 | D:1      | Reached XP level 2. HP: 29/29 MP: 2/2
   643 | D:1      | Reached XP level 3. HP: 35/35 MP: 3/3
  1010 | D:2      | Reached skill level 1 in Invocations
  1134 | D:2      | Reached skill level 1 in Short Blades
  1134 | D:2      | Reached skill level 1 in Long Blades
  1134 | D:2      | Reached skill level 1 in Maces & Flails
  1134 | D:2      | Reached skill level 1 in Polearms
  1134 | D:2      | Reached skill level 1 in Staves
  1134 | D:2      | Reached skill level 1 in Slings
  1134 | D:2      | Reached skill level 1 in Bows
  1134 | D:2      | Reached skill level 1 in Crossbows
  1134 | D:2      | Reached skill level 1 in Throwing
  1134 | D:2      | Reached skill level 1 in Dodging
  1134 | D:2      | Reached skill level 1 in Stealth
  1134 | D:2      | Reached skill level 1 in Unarmed Combat
  1134 | D:2      | Reached skill level 1 in Spellcasting
  1134 | D:2      | Reached skill level 1 in Evocations
  1317 | D:2      | Reached XP level 4. HP: 41/41 MP: 5/5
  1524 | D:2      | Found a bloodstained altar of Trog.
  1667 | D:2      | Found a stormy altar of Qazlal.
  1909 | D:3      | Reached skill level 1 in Conjurations
  1909 | D:3      | Reached skill level 1 in Hexes
  1909 | D:3      | Reached skill level 1 in Summonings
  1909 | D:3      | Reached skill level 1 in Necromancy
  1909 | D:3      | Reached skill level 1 in Translocations
  1909 | D:3      | Reached skill level 1 in Transmutations
  1909 | D:3      | Reached skill level 1 in Fire Magic
  1909 | D:3      | Reached skill level 1 in Ice Magic
  1909 | D:3      | Reached skill level 1 in Air Magic
  1909 | D:3      | Reached skill level 1 in Earth Magic
  1909 | D:3      | Reached skill level 1 in Poison Magic
  2195 | D:3      | You fall into a shaft and drop 1 floor!
  2367 | D:3      | Found a runed translucent door.
  2367 | D:3      | Found a glowing golden altar of the Shining One.
  2367 | D:3      | Noticed an angel
  2621 | D:4      | Found Gozag's Platinum Reserve.
  2627 | D:4      | Found an opulent altar of Gozag.
  2669 | D:4      | Reached XP level 5. HP: 42/47 MP: 5/7
  2916 | D:4      | Found a blossoming altar of Fedhas.
  2987 | D:4      | Noticed an ogre
  2996 | D:4      | Killed an ogre
  2997 | D:4      | Reached XP level 6. HP: 41/53 MP: 8/8
  3183 | D:4      | Found a burning altar of Makhleb.
  3228 | D:4      | Noticed a phantom
  3254 | D:4      | Reached skill level 5 in Axes
  3286 | D:4      | Killed a phantom
  3539 | D:4      | Found a white marble altar of Elyvilon.
  3840 | D:4      | Reached XP level 7. HP: 43/59 MP: 10/10
  4085 | D:5      | Entered Level 5 of the Dungeon
  4109 | D:5      | Found a staircase to the Ecumenical Temple.
  4118 | Temple   | Entered the Ecumenical Temple
  4139 | Temple   | Became a worshipper of Warmaster Okawaru
  4262 | D:5      | Noticed Pikel
  4270 | D:5      | Killed Pikel
  4270 | D:5      | Reached * piety under Okawaru
  4271 | D:5      | Reached XP level 8. HP: 32/67 MP: 10/12
  4614 | D:5      | Reached ** piety under Okawaru
  4725 | D:5      | Learned a level 3 spell: Frozen Ramparts
  5011 | D:5      | Found a runed translucent door.
  5012 | D:5      | Noticed Crazy Yiuf
  5022 | D:5      | Killed Crazy Yiuf
  5442 | D:6      | Found Fyfef's General Store.
  6221 | D:6      | Reached XP level 9. HP: 72/72 MP: 14/14
  6236 | D:6      | Noticed a troll
  6254 | D:6      | Killed a troll
  6462 | D:7      | Found an ornate altar of the Wu Jian Council.
  6473 | D:6      | Quit the game

Illustrated notes

Levels and vault maps discovered:
D:1:      dpeg_arrival_snail, layout_basic
D:2:      layout_loops_ring, marbit_many_paths, lemuel_crystal_altar,
          minmay_lizard_pond
D:3:      layout_loops_ring, lemuel_angel_altar
D:4:      layout_loops_corners, nicolae_gozag_zags_fifth_avenue,
          elyvilon_altar_3, lightli_temple_of_fire, fedhas_ov_isle_minmay
D:5:      layout_cave_pools, minmay_temple_entry_gardened_gates, uniq_pikel,
          uniq_crazy_yiuf_cottage
D:6:      cheibrodos_two_vegetables, layout_basic, serial_shops,
          nicolae_shop_competitors_out_of_business
D:7:      layout_rooms, general_overflow_altar, serial_shops,
          nicolae_shop_competitors_out_of_business, st_stairs_10, uniq_menkaure
Temple:   nicolae_temple_figure_eight

Skill      XL: |  1  2  3  4  5  6  7  8 |
---------------+-------------------------+-----
Invocations    | 1 2 3 4 |  4.3
Short Blades   | 1 2 3 |  3.9
Long Blades    | 1 2 3 |  3.9
Maces & Flails | 1 2 3 |  3.9
Polearms       | 1 2 3 |  3.9
Staves         | 1 2 3 |  3.9
Slings         | 1 2 3 |  3.9
Bows           | 1 2 3 |  3.9
Crossbows      | 1 2 3 |  3.9
Throwing       | 1 2 3 |  3.9
Dodging        | 1 2 3 |  3.9
Stealth        | 1 2 3 |  3.9
Unarmed Combat | 1 2 3 |  3.9
Spellcasting   | 1 2 3 |  3.9
Evocations     | 1 2 3 |  3.9
Conjurations   | 1 2 3 |  3.2
Hexes          | 1 2 3 |  3.2
Summonings     | 1 2 3 |  3.2
Necromancy     | 1 2 3 |  3.2
Translocations | 1 2 3 |  3.2
Transmutations | 1 2 3 |  3.2
Fire Magic     | 1 2 3 |  3.2
Ice Magic      | 1 2 3 |  3.2
Air Magic      | 1 2 3 |  3.2
Earth Magic    | 1 2 3 |  3.2
Poison Magic   | 1 2 3 |  3.2
Axes           | 5 6 |  6.1
Fighting       | 7 |  7.7
Armour         | 7 |  7.7
Shields        | 7 |  7.7

Action                   |  1- 3 |  4- 6 |  7- 9 || total
-------------------------+-------+-------+-------++-------
Melee: War axe           |    90 |    98 |   135 ||   323
       Bite              |     8 |    11 |    22 ||    41
       Unarmed           |       |       |     1 ||     1
 Fire: Fustibalus        |    10 |    74 |    68 ||   152
Throw: Stone             |     8 |       |       ||     8
       Dart              |       |       |     4 ||     4
 Abil: Evoke Flight      |       |     1 |       ||     1
  Use: Scroll            |       |     3 |     8 ||    11
Armor: Scale mail        |    31 |     2 |       ||    33
       Chain mail        |       |    46 |    63 ||   109
Dodge: Dodged            |    20 |    29 |    15 ||    64
Block: Kite shield       |    34 |    69 |    96 ||   199
       Reflection        |       |       |     1 ||     1
